 Dungeon Crawl Stone Soup version 0.32-a0-640-gc5db3fc80f (webtiles) character file.

Game seed: 17497033679756569051

24 gruber the Chopper (level 2, -19/26 HPs)
             Began as a Minotaur Fighter on Mar 7, 2024.
             Demolished by an ogre
             ... wielding a +0 giant club
              (24 damage)
             ... on level 4 of the Dungeon.
             The game lasted 00:00:31 (769 turns).

gruber the Chopper (Minotaur Fighter)                Turns: 769, Time: 00:00:32

Health: -19/26     AC:  6    Str: 20    XL:     2   Next: 79%
Magic:  1/1        EV:  9    Int:  5    God:
Gold:   85         SH:  4    Dex:  9    Spells: 1/1 levels left

rFire   . . .        a - +0 war axe
rCold   . . .        c - +0 buckler
rNeg    . . .        b - +0 scale mail
rPois   .            (helmet restricted)
rElec   .            (no cloak)
rCorr   .            (no gloves)
SInv    .            (no boots)
Will    .....        (no amulet) Stlth
                     (no ring)
HPRegen 0.24/turn    (no ring)
MPRegen 0.07/turn

%: no passive effects
@: no status effects
A: horns 2, retaliatory headbutt
a: no special abilities


You were on level 4 of the Dungeon.
You visited 1 branch of the dungeon, and saw 3 of its levels.

You collected 85 gold pieces.

Inventory:

Hand Weapons
 a - a +0 war axe (weapon)
Armour
 b - a +0 scale mail (worn)
 c - a +0 buckler (worn)
Jewellery
 m - a ring of flight
Scrolls
 e - 2 scrolls of teleportation {unknown}
 g - a scroll of fear {unknown}
 h - a scroll of fog {unknown}
 k - a scroll of blinking {unknown}
 l - a scroll of amnesia {unknown}
Potions
 d - a potion of might
 f - a potion of enlightenment {unknown}
 i - a potion of berserk rage {unknown}
 j - a potion of degeneration {unknown}


   Skills:
 - Level 3.6 Fighting
 + Level 4.1 Axes
 - Level 3.6 Armour
 - Level 3.6 Shields


You had one spell level left.
You didn't know any spells.
Your spell library contained the following spells:

 Spells                   Type           Power      Damage    Failure   Level
 Apportation              Tloc           0%         N/A       88%         1
 Magic Dart               Conj           0%         1d3       88%         1
 Sandblast                Erth           0%         2d4       88%         1
 Olgreb's Toxic Radiance  Alch           0%         N/A       100%        4
 Ozocubu's Refrigeration  Ice            0%         4d7       100%        7
 Discord                  Hex            0%         N/A       100%        8


Dungeon Overview and Level Annotations

Branches:
Dungeon (2/15)

Altars:
Cheibriados


Innate Abilities, Weirdness & Mutations

You have a pair of horns on your head.
You reflexively headbutt those who attack you in melee.


Message History

The phantom hits you.
The phantom blinks!
You blink.
An ogre comes into view. It is wielding a +0 giant club.
Found a leather armour.
You closely miss the phantom.
The phantom is moderately damaged.
The ogre shouts!
You hear a shout!
You block the phantom's attack.
An adder comes into view.
The ogre barely misses you. The phantom barely misses you.
You furiously retaliate!
You headbutt the phantom. You barely miss the phantom.
The phantom is heavily damaged.
The adder hisses angrily.
You hit the ogre.
A goblin comes into view. It is wielding a +0 club.
You block the phantom's attack. The ogre hits you with a +0 giant club!
Ouch! That really hurt!
You are too injured to fight recklessly!
Unknown command.
You are too injured to fight recklessly!
You are too injured to fight recklessly!
Unknown command.
You hit the ogre. You headbutt the ogre.
The ogre is lightly wounded.
You closely miss the phantom. You block the phantom's attack.
Unknown command.
Unknown command.
You slash the ogre!
The ogre is heavily wounded.
You hit the phantom. You block the ogre's attack. The phantom hits you.
* * * LOW HITPOINT WARNING * * *
The phantom hits you but does no damage.
Unknown command.
Unknown command.
You slash the ogre!
The ogre is severely wounded.
You slash the phantom!
The ogre hits you with a +0 giant club!!
Ouch! That really hurt!
You die...

.......####.###.###
........##..# ...
.......###..###.#
#.....## #......#
##...## #.##.###
##.## #. #.## # ..
#. #... .# ### #.
#._.##..# #.
#...@Wg.#
..[....SO......
#.........#####
###########


You could see an ogre, a phantom, an adder and a goblin.

Vanquished Creatures
  A dart slug (D:1)
  A bat (D:1)
  An endoplasm (D:1)
  3 giant cockroaches (D:1)
  3 hobgoblins
  4 jackals (D:1)
  2 kobolds (D:1)
  A frilled lizard (D:1)
  2 rats (D:1)
18 creatures vanquished.

Notes
Turn   | Place    | Note
-------+----------+-------------------------------------------
     0 | D:1      | gruber the Minotaur Fighter began the quest for the Orb.
     0 | D:1      | Reached XP level 1. HP: 19/19 MP: 0/0
    68 | D:1      | Reached skill level 3 in Axes
    98 | D:1      | Reached XP level 2. HP: 25/26 MP: 1/1
   441 | D:1      | Reached skill level 4 in Axes
   613 | D:1      | Got Opi Wios's Basics of Gnosis
   736 | D:2      | You fall into a shaft and drop 2 floors!
   759 | D:4      | Found a snail-covered altar of Cheibriados.
   759 | D:4      | Noticed a phantom
   764 | D:4      | Noticed an ogre
   769 | D:4      | Demolished by an ogre

Illustrated notes

Levels and vault maps discovered:
D:1:      eino_arrival_water_cross, layout_loops_ring
D:2:      layout_basic, hex_intersection
D:4:      layout_loops_ring, lightli_temple_of_fire, cheibriados_altar_1,
          amcnicky_mini_corridor_feature, nicolae_shop_fire_sale
          [nicolae_sub_dead_trees]

Skill      XL: |  1  2 |
---------------+-------+-----
Axes           | 3 4 |  4.1
Fighting       | |  3.6
Armour         | |  3.6
Shields        | |  3.6

Action                     || total
---------------------------++-------
  Melee: War axe           ||    44
         Headbutt          ||     5
 Armour: Scale mail        ||    36
  Dodge: Dodged            ||    24
  Block: Buckler           ||     9

Table legend: (Time is in decaauts)
 A = Elapsed time spent in this place.
 B = Non-inter-level travel time spent in this place.
 C = Inter-level travel time spent in this place.
 D = Time resting spent in this place.
 E = Time spent auto-exploring this place.
 F = Levels seen in this place.
 G = Mean time per level.
                   A        B        C        D        E       F      G
               +--------+--------+--------+--------+--------+-----+--------+
         Total |    783 |    754 |     29 |      0 |    624 |   3 |  261.0 |
       Dungeon |    783 |    754 |     29 |      0 |    624 |   3 |  261.0 |
               +--------+--------+--------+--------+--------+-----+--------+

Top non-repeatable levels by time:
     D:1: 744 daAuts
     D:4: 35 daAuts
     D:2: 3 daAuts
